 Dungeon Crawl Stone Soup version 0.32-a0-996-gb3226c2 (webtiles) character file.

Game seed: 5695311969829896238

95861 bignoob the Cleaver (level 15, -9/108 HPs)
             Began as a Demonspawn Fighter on Apr 22, 2024.
             Was the Champion of Fedhas.
             Collided with a rock wall (19 damage)
             ... after being knocked back by a rakshasa
             ... on level 15 of the Dungeon on Apr 23, 2024.
             The game lasted 00:59:11 (16650 turns).

bignoob the Cleaver (Demonspawn Fighter)           Turns: 16650, Time: 00:59:12

Health: -9/108     AC: 30    Str: 30    XL:     15   Next: 39%
Magic:  0/24       EV: 12    Int:  9    God:    Fedhas [******]
Gold:   1391       SH:  9    Dex: 14    Spells: 14/14 levels left

rFire   + . .        C - +7 broad axe (venom)
rCold   . . .        a - +2 buckler {rF+}
rNeg    . . .        X - +2 plate armour {Will+}
rPois   +            O - +0 helmet
rElec   .            E - +2 cloak of Cloud Cover {Rampage Will++ Str+2}
rCorr   .            D - +2 pair of gloves
SInv    .            f - +0 pair of boots
Will    +++++        P - amulet of guardian spirit Stlth
                     J - +6 ring of strength
HPRegen 0.38/turn    k - ring of willpower
MPRegen 0.19/turn

%: guardian spirit, rampage
@: marked, wreathed by umbra
A: slimy green scales 3, demonic guardian 3, foul shadow 1
a: Renounce Religion, Wall of Briars, Grow Ballistomycete, Overgrow, Grow Oklob


You were on level 15 of the Dungeon.
You worshipped Fedhas.
Fedhas was exalted by your worship.
You visited 3 branches of the dungeon, and saw 22 of its levels.
You also visited: Bailey.

You collected 2214 gold pieces.
You spent 823 gold pieces at shops.

Inventory:

Hand Weapons
 C - a +7 broad axe of venom (weapon)
 H - a +1 eveningstar of holy wrath
 S - a +0 broad axe
Missiles
 l - 36 poisoned darts (quivered)
 p - 3 throwing nets
 v - 22 boomerangs
 x - 6 javelins
 I - 6 atropa-tipped darts
 K - 6 datura-tipped darts
 N - 4 curare-tipped darts
Armour
 a - a +2 buckler of fire resistance (worn)
 f - a +0 pair of boots (worn)
 D - a +2 pair of gloves (worn)
 E - the +2 cloak of Cloud Cover (worn) {Rampage Will++ Str+2}
   (You found it on level 5 of the Lair of Beasts)

   Str+2:     It affects your strength (+2).
   Will++:    It greatly increases your willpower.
   Rampage:   It bestows one free step when moving towards enemies.
 G - +0 steam dragon scales
 O - a +0 helmet (worn)
 X - a +2 plate armour of willpower (worn)
Jewellery
 g - a ring of see invisible
 k - a ring of willpower (right hand)
 J - a +6 ring of strength (left hand)
 P - an amulet of guardian spirit (around neck)
 Q - a ring of willpower
Wands
 b - a wand of polymorph (6)
 c - a wand of paralysis (7)
 e - a wand of quicksilver (1)
 o - a wand of flame (35)
 U - a wand of warping (7)
Scrolls
 i - 2 scrolls of vulnerability
 j - 3 scrolls of fog
 n - 2 scrolls of noise
 s - 4 scrolls of teleportation
 u - a scroll of fear
 w - a scroll of butterflies
 y - 3 scrolls of enchant armour
 M - 4 scrolls of revelation
Potions
 d - 7 potions of might
 h - 4 potions of mutation
 m - 2 potions of haste
 r - 3 potions of attraction
 t - a potion of lignification
 z - 2 potions of invisibility
 A - 2 potions of magic
 B - 2 potions of brilliance
 L - 3 potions of enlightenment
 R - 3 potions of ambrosia
 T - a potion of berserk rage
 V - a potion of experience
 W - 2 potions of curing
Miscellaneous
 q - a sack of spiders
 F - a condenser vane


   Skills:
 - Level 7.0 Fighting
 - Level 14.0 Axes
 + Level 10.8 Armour
 - Level 12.0 Dodging
 - Level 11.7 Shields
 - Level 12.0 Invocations


You had 14 spell levels left.
You didn't know any spells.
Your spell library contained the following spells:

 Spells                   Type           Power      Damage    Failure   Level
 Cigotuvi's Dreadful Rot  Necr/Alch/Air  0%         N/A       99%         2
 Inner Flame              Hex/Fire       0%         N/A       100%        3
 Dispel Undead            Necr           0%         3d6       100%        4
 Flame Wave               Conj/Fire      0%         2d4       100%        4
 Martyr's Knell           Necr/Summ      0%         N/A       100%        4
 Sticky Flame             Fire/Alch      0%         2d4       100%        4
 Death Channel            Necr           0%         N/A       100%        6
 Sculpt Simulacrum        Ice/Alch       0%         N/A       100%        6
 Rimeblight               Ice/Necr       0%         2d3       (prima100%   7


Dungeon Overview and Level Annotations

Branches:
Dungeon (14/15)            Temple (0/1) D:7            Lair (5/5) D:10
 Shoals (0/4) Lair:2       Spider (0/4) Lair:3        Slime (0/5) Lair:4
    Orc (2/2) D:10            Elf (0/3) Orc:2        Depths (0/4) D:15
 Bailey (visited)
 Vaults: D:13-14

Altars:
Cheibriados
Fedhas
Kikubaaqudgha
Nemelex Xobeh
Ru
Sif Muna
Beogh

Shops:
D:3 ?   Orc:2 ![((

Annotations:
D:4 1 runed translucent door, Crazy Yiuf
Lair:3 1 runed translucent door, Seshugex's ghost, journeyman DrEE


Innate Abilities, Weirdness & Mutations

You are completely covered in slimy green scales. (AC +4, rPois)
A powerful demonic guardian rushes to your aid.
You are faintly shadowed, very rarely releasing foul flame when damaged in melee.


Message History

The rakshasa blinks!
You rampage towards the rakshasa!
The rakshasa gestures at you. The lance of force hits you!!
* * * LOW HITPOINT WARNING * * *
A demonic guardian appears!
You are knocked back by the lance of force.
You slam into the rock wall.
You set off the alarm!
The alarm trap emits a blaring wail!
A sentinel's mark forms upon you.
The rakshasa hits your smoke demon with a +0 trident.
You hear a shout!
You hear two shouts!
You hear a shout!
You hear a horrible gurgling sound! x7
You rampage towards the rakshasa!
The rakshasa hits you but does no damage.
The rakshasa gestures at you.
The lance of force hits your smoke demon!
Your smoke demon is knocked back by the lance of force.
Unknown command.
You hit the rakshasa.
The rakshasa is severely wounded.
The rakshasa hits you but does no damage.
You block the rakshasa's attack. The rakshasa barely misses you.
Your smoke demon hits the rakshasa.
Your smoke demon hits the rakshasa but does no damage.
Your smoke demon hits the rakshasa.
The rakshasa dies!
The rakshasa shimmers and vanishes!
Unknown command.
You hit the rakshasa.
The rakshasa looks as sick as possible!
The rakshasa is almost dead.
You kill the rakshasa!
The rakshasa shimmers and vanishes!
The rakshasa gestures at you. The lance of force hits you.
* * * LOW HITPOINT WARNING * * *
You are knocked back by the lance of force.
You slam into the rock wall!!
You die...
Fedhas appreciates your contribution to the ecosystem.

,**,,,,,*#...........####*,,,,*,,
,,**,,,**####.............,,,,***
,****,**##..##........####*,,,,,,
,*,,,,*##....##)......#,,,*,,,,,,
,*,,***......†'.R.....#,,,*,,,,,,
,**,**,.#....##3......+,,,+,,,,,,
,*,,,,,*##..##........##***,,,,,,
,**,*,,*.####...........,,,,,,,,,
,,******........@.......,,,,,,,,,
,,,,,,,,...#########+##.,*****+*,
*,,,*+***.,*,,,,,,,,,,*,,+,,,,,*,
*,,,*,,,*,,*,,,,,,,,,,*,,*,,,,***
*,,,*,,,*,,*,,,,,,,,,,+,,*,<,**,,
*,,,*,,,*,,*,,,,,,,,,,*,,*****,,,
,,,,***+*,,*,,,,,,,,,,*,,,,,*,,,,
,,,,,,,,,,,*,,,,,,,,,,*,,,,,*,*,_
,,,,,,,,,,,************,,,,,,,**,


You could see a rakshasa (very poisoned) and a friendly smoke demon (summoned).

Vanquished Creatures
  Jorgrun (Orc:1)
  Gastronok (Lair:3)
  Donald (Orc:1)
  An orc warlord (Orc:1)
  Snorg (Lair:3)
  An ettin (Orc:2)
  A great orb of eyes (D:15)
  An ice dragon (Lair:5)
  Erica (D:8)
  2 boulder beetles
  A hydra (Lair:5)
  2 catoblepae
  5 two-headed ogres
  2 orc high priests (Orc:2)
  7 death yaks
  Sonja (Lair:2)
  A swamp dragon (Lair:5)
  An orb spider (Lair:3)
  2 lindwurms (Lair:5)
  An obsidian bat (Orc:1)
  5 orc knights
  2 orc sorcerers
  2 manticores (Lair:5)
  5 cyclopes
  6 ugly things
  Maurice (Orc:2)
  5 black mambas
  19 elephants
  2 torpor snails
  Jeremiah (Lair:1)
  13 cane toads
  2 komodo dragons (Lair:5)
  13 rime drakes
  An unseen horror (D:8)
  An ice devil (D:12)
  4 trolls
  2 polar bears
  4 saltlings (Orc:2)
  17 blink frogs
  Prince Ribbit (Lair:2)
  3 shadows
  3 slime creatures (D:12)
  3 wyverns
  43 yaks
  5 steam dragons
  A fire elemental (Lair:1)
  A chaos spawn (D:12)
  10 basilisks
  4 vampire mosquitoes
  A warg (Orc:2)
  2 acid dragons
  16 water moccasins
  22 orc warriors
  3 black bears
  A swamp drake (Lair:5)
  An ice beast (D:6)
  22 wolves
  4 ogres
  5 centaurs
  4 phantoms
  4 kobold brigands
  8 bullfrogs
  3 gnoll sergeants
  3 scorpions
  8 wights
  38 killer bees
  A bombardier beetle (D:3)
  3 hounds
  9 orc priests
  A gnoll bouda (D:7)
  Ijyb (D:5)
  4 iguanas
  15 orc wizards
  10 gnolls
  4 adders
  A shadow imp (D:6)
  5 ribbon worms
  3 dart slugs
  61 orcs
  6 bats
  8 endoplasms
  3 giant cockroaches
  9 goblins
  5 hobgoblins
  4 jackals (D:2)
  4 quokkas
  3 ball pythons
  5 frilled lizards
  20 kobolds
  5 rats
  2 ballistomycete spores (Lair:2)
550 creatures vanquished.

Vanquished Creatures (collateral kills)
  An orc warlord (Bailey)
  A dire elephant (Lair:5)
  2 two-headed ogres
  5 death yaks
  A lindwurm (Lair:5)
  An orc knight (Orc:2)
  A cyclops (D:9)
  7 elephants
  A cane toad (Lair:2)
  Maggie (Lair:2)
  A queen bee (Lair:3)
  3 blink frogs
  4 yaks
  2 orc warriors
  An ogre (D:10)
  A wolf (Lair:1)
  A centaur (D:5)
  3 bullfrogs
  A killer bee (D:10)
  2 gnolls (Bailey)
  2 orcs
  A goblin (D:3)
  A kobold (D:3)
  70 ballistomycete spores
114 creatures vanquished.

Vanquished Creatures (others)
  A killer bee (Lair:3)
  An orc (Orc:2)
  7 ballistomycete spores
9 creatures vanquished.

Grand Total: 673 creatures vanquished

Notes
Turn   | Place    | Note
-------+----------+-------------------------------------------
     0 | D:1      | bignoob the Demonspawn Fighter began the quest for the Orb.
     0 | D:1      | Reached XP level 1. HP: 18/18 MP: 1/1
    75 | D:1      | Reached skill level 2 in Axes
   156 | D:1      | Found a faded altar of an unknown god.
   159 | D:1      | Prayed at the altar of an unknown god.
   159 | D:1      | Became a worshipper of Fedhas Madash
   159 | D:1      | Reached * piety under Fedhas
   430 | D:1      | Gained mutation: You are partially covered in slimy green
                  | scales. (AC +2) [demonic ancestry]
   430 | D:1      | Reached XP level 2. HP: 24/24 MP: 2/2
   988 | D:2      | Reached skill level 3 in Axes
  1055 | D:2      | Found a snail-covered altar of Cheibriados.
  1058 | D:2      | Gained mutation: You are mostly covered in slimy green
                  | scales. (AC +3) [demonic ancestry]
  1058 | D:2      | Reached XP level 3. HP: 26/29 MP: 3/3
  1170 | D:2      | Reached ** piety under Fedhas
  1664 | D:3      | Gained mutation: A weak demonic guardian rushes to your
                  | aid. [demonic ancestry]
  1664 | D:3      | Reached XP level 4. HP: 33/35 MP: 4/4
  1744 | D:3      | Reached skill level 4 in Axes
  2053 | D:3      | Gained mutation: You are faintly shadowed, very rarely
                  | releasing foul flame when damaged in melee. [demonic
                  | ancestry]
  2053 | D:3      | Reached XP level 5. HP: 35/41 MP: 5/5
  2071 | D:3      | Reached skill level 5 in Axes
  2093 | D:3      | Found Nuluz's Magic Scroll Emporium.
  2098 | D:3      | Bought a scroll of blinking for 82 gold pieces
  2647 | D:4      | Reached *** piety under Fedhas
  2699 | D:4      | Found a shimmering blue altar of Sif Muna.
  2734 | D:4      | Noticed a phantom
  2749 | D:4      | Killed a phantom
  2750 | D:4      | Reached skill level 6 in Axes
  2750 | D:4      | Gained mutation: You are completely covered in slimy green
                  | scales. (AC +4, rPois) [demonic ancestry]
  2750 | D:4      | Reached XP level 6. HP: 33/47 MP: 6/6
  2869 | D:4      | Found a runed translucent door.
  2871 | D:4      | Noticed Crazy Yiuf
  3089 | D:5      | Entered Level 5 of the Dungeon
  3128 | D:5      | Noticed Ijyb
  3140 | D:5      | Reached XP level 7. HP: 13/52 MP: 7/7
  3145 | D:5      | Killed Ijyb
  3146 | D:5      | Reached skill level 5 in Armour
  3480 | D:5      | Identified the +1 sling "Biges" {freeze, rPois Int+2}
  3667 | D:6      | Found an ancient bone altar of Kikubaaqudgha.
  3725 | D:6      | Found a snail-covered altar of Cheibriados.
  3755 | D:6      | Reached skill level 5 in Shields
  3838 | D:6      | Reached XP level 8. HP: 58/58 MP: 8/8
  4514 | D:7      | Reached skill level 7 in Axes
  4556 | D:7      | Reached **** piety under Fedhas
  4598 | D:7      | Reached skill level 8 in Axes
  4631 | D:7      | Found a sacrificial altar of Ru.
  4631 | D:7      | Found a sparkling altar of Nemelex Xobeh.
  4728 | D:7      | Reached skill level 5 in Invocations
  4735 | D:7      | Gained mutation: A demonic guardian rushes to your aid.
                  | [demonic ancestry]
  4735 | D:7      | Reached XP level 9. HP: 17/64 MP: 8/13
  4812 | D:7      | Found a flagged portal.
  4909 | Bailey   | Entered a bailey
  4914 | Bailey   | Noticed an orc warlord
  4981 | Bailey   | Found a runed translucent gate.
  4983 | Bailey   | Found a runed translucent gate.
  4985 | Bailey   | Found a runed translucent gate.
  5217 | Bailey   | Killed an orc warlord
  5218 | Bailey   | Reached skill level 9 in Axes
  5261 | D:7      | Acquired a +2 buckler of fire resistance
  5308 | D:7      | Found a staircase to the Ecumenical Temple.
  5437 | D:7      | Reached skill level 10 in Axes
  5554 | D:7      | Identified the +1 trident of Horoifre {elec, Int+5}
  5741 | D:8      | Reached skill level 1 in Dodging
  5863 | D:8      | Gained mutation: A powerful demonic guardian rushes to your
                  | aid. [demonic ancestry]
  5863 | D:8      | Reached XP level 10. HP: 47/70 MP: 16/16
  5953 | D:8      | Noticed a cyclops
  5959 | D:8      | Killed a cyclops
  6234 | D:8      | Reached skill level 5 in Dodging
  6341 | D:8      | Noticed Erica
  6351 | D:8      | Killed Erica
  7290 | D:9      | Reached ***** piety under Fedhas
  7312 | D:9      | Noticed a cyclops
  7324 | D:9      | Killed a cyclops
  7339 | D:9      | Noticed a two-headed ogre
  7349 | D:9      | Killed a two-headed ogre
  7350 | D:9      | Reached XP level 11. HP: 35/75 MP: 17/17
  7427 | D:9      | Identified the +5 mace of Reinforcement {heavy, rC- rN++
                  | Int+4 SInv}
  7428 | D:9      | Noticed a two-headed ogre
  7436 | D:9      | Killed a two-headed ogre
  7786 | D:10     | Entered Level 10 of the Dungeon
  7910 | D:10     | Reached skill level 11 in Axes
  8114 | D:10     | Noticed a two-headed ogre
  8122 | D:10     | Killed a two-headed ogre
  8340 | D:10     | Found a staircase to the Orcish Mines.
  8727 | D:10     | Found a staircase to the Lair.
  8734 | Lair:1   | Entered Level 1 of the Lair of Beasts
  8764 | Lair:1   | Reached skill level 12 in Axes
  8779 | Lair:1   | You fall into a shaft and drop 1 floor!
  8779 | Lair:2   | Noticed a death yak
  8788 | Lair:2   | Killed a death yak
  8793 | Lair:2   | Noticed Maggie
  8794 | Lair:2   | Reached skill level 5 in Fighting
  8805 | Lair:2   | Killed Maggie
  8858 | Lair:2   | Noticed Sonja
  8896 | Lair:2   | Killed Sonja
  8909 | Lair:2   | Noticed a death yak
  8909 | Lair:2   | Noticed a death yak
  8910 | Lair:2   | Noticed a death yak
  8910 | Lair:2   | Noticed a death yak
  8911 | Lair:2   | Noticed a death yak
  8919 | Lair:2   | Killed a death yak
  8922 | Lair:2   | Killed a death yak
  8923 | Lair:2   | Reached XP level 12. HP: 72/91 MP: 10/18
  8925 | Lair:2   | Killed a death yak
  8934 | Lair:2   | Killed a death yak
  8947 | Lair:2   | Killed a death yak
  8980 | Lair:2   | Noticed Prince Ribbit
  8996 | Lair:2   | Killed Prince Ribbit
  9135 | Lair:2   | Reached skill level 10 in Dodging
  9249 | Lair:1   | Identified the +5 spear of the Moon {elec, Int+2}
  9324 | Lair:1   | Noticed Jeremiah
  9325 | Lair:1   | Noticed a catoblepas
  9344 | Lair:1   | Killed Jeremiah
  9345 | Lair:1   | Killed a catoblepas
  9592 | Lair:1   | Reached skill level 10 in Shields
  9906 | Lair:1   | Reached XP level 13. HP: 86/96 MP: 16/19
 10144 | Lair:2   | Found a staircase to the Shoals.
 10784 | Lair:5   | Entered Level 5 of the Lair of Beasts
 11192 | Lair:5   | Reached skill level 10 in Armour
 11654 | Lair:5   | Reached ****** piety under Fedhas
 11679 | Lair:5   | Reached XP level 14. HP: 48/103 MP: 15/20
 11851 | Lair:5   | Got an earthy gem with 556 turns to spare
 11892 | Lair:5   | Upgraded the game from 0.32-a0-995-gb4a5920 to
                  | 0.32-a0-996-gb3226c2
 12179 | Lair:5   | Identified the +2 cloak of Cloud Cover {Rampage Will++
                  | Str+2}
 12311 | Lair:5   | Reached skill level 13 in Axes
 13141 | Lair:4   | Found a staircase to the Slime Pits.
 13148 | Lair:4   | Reached skill level 14 in Axes
 13297 | Lair:3   | Noticed Gastronok
 13327 | Lair:3   | Killed Gastronok
 13476 | Lair:3   | Found a hole to the Spider Nest.
 13656 | Lair:3   | Reached skill level 10 in Invocations
 13704 | Lair:3   | Noticed Snorg
 13728 | Lair:3   | Killed Snorg
 13931 | Lair:3   | Found a runed translucent door.
 14228 | Lair:3   | Identified the +4 glaive of Ancient Evil {flame, +Blink
                  | rN+}
 14293 | Lair:3   | Noticed Seshugex's ghost (journeyman DrEE)
 14388 | Orc:1    | Entered Level 1 of the Orcish Mines
 14507 | Orc:2    | Entered Level 2 of the Orcish Mines
 14507 | Orc:2    | Found a staircase to the Elven Halls.
 14508 | Orc:2    | Noticed Jorgrun
 14529 | Orc:1    | Noticed an orc warlord
 14533 | Orc:1    | Killed Jorgrun
 14755 | Orc:2    | Noticed Donald
 14876 | Orc:1    | Killed Donald
 15150 | Orc:2    | Noticed Maurice
 15154 | Orc:2    | Maurice stole 591 gold
 15161 | Orc:2    | Killed Maurice
 15162 | Orc:2    | Reached XP level 15. HP: 108/108 MP: 24/24
 15530 | Orc:2    | HP: 5/108 [poisoned by an orc knight]
 15843 | Orc:2    | Found Toggenia's Armour Shoppe.
 15843 | Orc:2    | Found a roughly hewn altar of Beogh.
 15851 | Orc:2    | Found Cathock's Weapon Shoppe.
 15964 | Orc:2    | Found Vozxant's Distillery.
 15970 | Orc:2    | Bought a potion of experience for 650 gold pieces
 15970 | Orc:2    | Bought a potion of curing for 39 gold pieces
 15970 | Orc:2    | Bought a potion of curing for 39 gold pieces
 15970 | Orc:2    | Bought a potion of degeneration for 13 gold pieces
 16011 | Orc:2    | Found Viboir's Weapon Shoppe.
 16455 | D:12     | Found the +11 plutonium sword {^Contam Stlth-}
 16557 | D:14     | You fall into a shaft and drop 1 floor!
 16557 | D:15     | Entered Level 15 of the Dungeon
 16650 | D:15     | Collided with a rock wall

Illustrated notes

Levels and vault maps discovered:
D:1:      tekkud_arrival_beachfront_property, layout_basic, serial_corexii_hall,
          chequers_hall_statues_corner_a, corexii_hall_statues_u,
          chequers_ecumenical_altar_simple_redux
D:2:      layout_basic, basic_altar, grunt_decor_cap
D:3:      layout_basic, serial_shops, shop_statue, bh_walls_and_bars
D:4:      layout_basic, mainiacjoe_overflow_surrounded_room,
          nicolae_underground_beach, uniq_crazy_yiuf_cottage
D:5:      layout_cave_pools, minivault_19, uniq_ijyb
D:6:      layout_loops_ring, slow_altar_1, zin_statuary,
          nicolae_kikubaaqudgha_miasma_corner
D:7:      layout_basic, chequers_temple_overflow_statue_of_worship,
          temple_pool_b, enter_bailey_8
D:8:      layout_layer_cave, kb_rosetta, uniq_erica
D:9:      layout_loops_ring, minmay_between
D:10:     layout_irregular_city, dpeg_oklobed_lair,
          kennysheep_orc_monster_closet_entryway
D:11:     layout_roguey, chequers_arboretum, hangedman_abyss_or_decor_stabs,
          nicolae_concentric_dashed_squares_mild, nicolae_uskayaw_dance_studio
D:12:     layout_irregular_city, serial_demonic, serial_demonic_a,
          serial_demonic_f, serial_demonic_g, serial_demonic_g,
          serial_demonic_f, serial_demonic_c, serial_demonic_a,
          serial_demonic_e, statue_in_the_mist_lemuel
D:13:     layout_basic, enter_trove_3, nicolae_elemental_shop,
          hangedman_abyss_or_decor_lesser_grid, uniq_urug
D:14:     layout_rooms, david_vaults_2, chequers_mini_garden
D:15:     gammafunk_enter_depths_forms, layout_irregular_city,
          nicolae_dithmenos_through_a_glass_darkly, uniq_nessos
Lair:1:   layout_gridlike, hibernation_bobbens, uniq_jeremiah
Lair:2:   layout_loops_ring, mainiacjoe_shoals_entry_four_pools, uniq_maggie,
          uniq_sonja, uniq_prince_ribbit2
Lair:3:   regret_index_wax_grids, layout_regular_city,
          nicolae_spider_entry_orb_guardian, ebering_ghost_reflecting_pool,
          uniq_snorg, uniq_gastronok
Lair:4:   layout_small_grid, slime_entry_1, infiniplex_staircase_pool_2,
          grunt_megastairs_2
Lair:5:   guppyfry_lair_end_dragon, layout_regular_city,
          hangedman_lair_in_review
Orc:1:    layout_caves
Orc:2:    hellmonk_orc_salted, layout_caves, uniq_maurice, uniq_donald,
          uniq_jorgrun

Skill      XL: |  1  2  3  4  5  6  7  8  9 10 11 12 13 14 15 |
---------------+----------------------------------------------+-----
Axes           | 2 3 4 6 8 10 12 14 | 14.0
Armour         | 3 4 5 6 10 | 10.8
Shields        | 5 7 10 11 | 11.7
Invocations    | 5 8 12 | 12.0
Dodging        | 2 7 8 10 12 | 12.0
Fighting       | 7 |  7.0

Action                     |  1- 3 |  4- 6 |  7- 9 | 10-12 | 13-15 || total
---------------------------+-------+-------+-------+-------+-------++-------
  Melee: War axe           |   129 |   129 |   283 |       |       ||   541
         Broad axe         |       |       |    68 |   370 |   822 ||  1260
  Throw: Boomerang         |       |       |     3 |     5 |       ||     8
         Dart              |       |       |     1 |       |    19 ||    20
         Throwing net      |       |       |       |       |     2 ||     2
 Invoke: Grow Ballistomyce |       |       |     2 |     6 |    10 ||    18
         Grow Oklob        |       |       |       |     1 |     2 ||     3
         Wall of Briars    |       |       |       |       |     1 ||     1
  Evoke: Wand              |       |       |     2 |     1 |    10 ||    13
         Condenser vane    |       |       |       |       |     1 ||     1
    Use: Scroll            |       |     6 |     6 |     4 |    14 ||    30
         Potion            |       |     1 |     2 |     4 |     7 ||    14
   Stab: Paralysed         |       |       |       |     4 |     7 ||    11
         Sleeping          |       |       |       |     2 |     2 ||     4
         Distracted        |       |       |       |     2 |     3 ||     5
         Confused          |       |       |       |     2 |     3 ||     5
         Petrified         |       |       |       |       |     8 ||     8
 Armour: Scale mail        |   113 |   107 |   292 |       |       ||   512
         Steam dragon scal |       |       |     7 |   278 |   478 ||   763
         Plate armour      |       |       |       |       |    59 ||    59
  Dodge: Dodged            |    58 |    62 |   227 |   325 |   624 ||  1296
  Block: Buckler           |    44 |    30 |   116 |   149 |   385 ||   724

Table legend: (Time is in decaauts)
 A = Elapsed time spent in this place.
 B = Non-inter-level travel time spent in this place.
 C = Inter-level travel time spent in this place.
 D = Time resting spent in this place.
 E = Time spent auto-exploring this place.
 F = Levels seen in this place.
 G = Mean time per level.
                   A        B        C        D        E       F      G
               +--------+--------+--------+--------+--------+-----+--------+
         Total |  16909 |  16252 |    657 |   2126 |   9986 |  23 |  735.2 |
       Dungeon |   8832 |   8420 |    412 |    421 |   6140 |  15 |  588.8 |
          Lair |   5707 |   5557 |    150 |    976 |   2866 |   5 | 1141.4 |
  Orcish Mines |   2004 |   1910 |     94 |    665 |    855 |   2 | 1002.0 |
        Bailey |    365 |    365 |      0 |     63 |    125 |   1 |  365.0 |
               +--------+--------+--------+--------+--------+-----+--------+

Top non-repeatable levels by time:
  Lair:5: 1936 daAuts
     D:8: 1360 daAuts
   Orc:2: 1180 daAuts
  Lair:3: 1154 daAuts
     D:7: 1043 daAuts
    D:10: 1032 daAuts
     D:1: 983 daAuts
     D:3: 949 daAuts
  Lair:2: 917 daAuts
  Lair:1: 899 daAuts
   Orc:1: 823 daAuts
  Lair:4: 799 daAuts
     D:6: 763 daAuts
     D:9: 715 daAuts
     D:2: 670 daAuts
